[Event "Early-Titled-Tuesday-Blitz-September-12-2023"]
[Site "Chess.com"]
[Date "2023.09.12"]
[Round "9"]
[White "JAN2404"]
[Black "rikchessmx"]
[Result "1-0"]
[WhiteElo "2021"]
[BlackElo "2276"]
[TimeControl "180+1"]
[EndTime "9:43:30 PDT"]
[Termination "JAN2404 won by resignation"]

1. c4 Nf6 2. Nf3 e6 3. Nc3 d5 4. cxd5 exd5 5. d4 c6 6. Bg5 Be7 7. e3 O-O 8. Bd3 Bg4 9. h3 Bh5 10. O-O Re8 11. Be2 Nbd7 12. Qb3 Qc8 13. a4 Ne4 14.
Bxe7 Rxe7 15. Rfc1 Bxf3 16. Bxf3 Nd2 17. Nxd5 Nxf3+ 18. gxf3 Re6 19. Nf4 Rh6 20. Kh2 g5 21. Rg1 Qd8 22.
Rxg5+ Qxg5 23. Rg1 Qxg1+ 24. Kxg1 b6 25. d5 c5 26. a5 Rb8 27. a6 Kf8 28. Qc3 Ke7 29. Qg7 Rd6 30. Qg5+ Nf6 31. Qe5+ Kd7 32. e4 Re8 33.
Qf5+ Kc7 34. e5 Rg8+ 35. Kf1 Rxd5 36. Nxd5+ 1-0

[Event "Early-Titled-Tuesday-Blitz-September-12-2023"]
[Site "Chess.com"]
[Date "2023.09.12"]
[Round "9"]
[White "Daniel_Salinas"]
[Black "Fh2411"]
[Result "0-1"]
[WhiteElo "2384"]
[BlackElo "2596"]
[TimeControl "180+1"]
[EndTime "9:43:31 PDT"]
[Termination "Fh2411 won by resignation"]

1. Nf3 Nf6 2. g3 g6 3. Bg2 Bg7 4. O-O O-O 5. d4 d5 6. c4 c6 7. cxd5 cxd5 8. Nc3 Nc6 9. Ne5 e6 10. Nxc6 bxc6 11. Bf4 Ba6 12. Na4 Nd7 13. Rc1 Qa5 14. Bd6 Rfc8 15. b3 Bb5 16. Nc3 Qb6 17. a4 Ba6 18. e3 Bxf1 19. Bxf1 c5 20. dxc5 Nxc5 21.
Bf4 Nxb3 22. Rc2 Bxc3 0-1

[Event "Early-Titled-Tuesday-Blitz-September-12-2023"]
[Site "Chess.com"]
[Date "2023.09.12"]
[Round "9"]
[White "emeli_chess"]
[Black "tteshan"]
[Result "1-0"]
[WhiteElo "2367"]
[BlackElo "2525"]
[TimeControl "180+1"]
[EndTime "9:43:37 PDT"]
[Termination "emeli_chess won by resignation"]

1. d4 d5 2. c4 dxc4 3. Nf3 Nf6 4. e3 Bg4 5. Bxc4 e6 6. h3 Bh5 7. Nc3 a6 8. g4 Bg6 9. Nh4 Nbd7 10. Nxg6 hxg6 11.
Bf1 c5 12. Bg2 Qc7 13. g5 Nh7 14. h4 Be7 15. Qf3 Rb8 16. d5 O-O 17. dxe6 fxe6 18.
Qe4 Rf7 19. Qxe6 Ndf8 20. Qg4 Rf5 21. Nd5 Qd6 22. Nxe7+ Qxe7 23. Bd2 Rd8 24. Bc3 b5 25. a3 Qf7 26. O-O c4 27. Rad1 Rxd1 28. Rxd1 Kh8 29. f4 Qe7 30. e4 Qc5+ 31. Bd4 1-0

[Event "Early-Titled-Tuesday-Blitz-September-12-2023"]
[Site "Chess.com"]
[Date "2023.09.12"]
[Round "9"]
[White "hellokostya"]
[Black "KNVB"]
[Result "1-0"]
[WhiteElo "2620"]
[BlackElo "2746"]
[TimeControl "180+1"]
[EndTime "9:43:40 PDT"]
[Termination "hellokostya won on time"]

1. Nf3 b6 2. g3 Bb7 3. Bg2 c5 4. O-O Nf6 5. c4 e6 6. b3 Be7 7. Bb2 d6 8. Nc3 a6 9. d3 O-O 10. e4 Nc6 11. Ne1 Nd4 12. f4 Rb8 13. Nf3 b5 14.
Nxd4 cxd4 15. Ne2 bxc4 16. Nxd4 cxd3 17. Qxd3 Qb6 18. Kh1 d5 19. e5 Ne4 20. f5 a5 21.
Qe3 Bg5 22. Qe1 Ba6 23. Rf4 Bxf4 24. gxf4 a4 25. Qh4 axb3 26. axb3 1-0

[Event "Early-Titled-Tuesday-Blitz-September-12-2023"]
[Site "Chess.com"]
[Date "2023.09.12"]
[Round "9"]
[White "Rosh1610"]
[Black "aghasiyevkamal"]
[Result "1-0"]
[WhiteElo "2459"]
[BlackElo "2548"]
[TimeControl "180+1"]
[EndTime "9:43:40 PDT"]
[Termination "Rosh1610 won by resignation"]

1. e4 e5 2. Nf3 Nc6 3. Bb5 a6 4. Ba4 Nf6 5. O-O b5 6. Bb3 Bc5 7. Re1 d6 8. c3 h6 9. d4 Bb6 10.
h3 O-O 11. Be3 exd4 12. cxd4 Bb7 13. Nbd2 Ne7 14. Bc2 c5 15. e5 dxe5 16. dxe5 Nfd5 17. Qe2 Nxe3 18. Qxe3 c4 19. Qf4 Qc7 20. Ne4 Ng6 21. Qg3 Rae8 22. Rad1 Nxe5 23. Nf6+ Kh8 24. Nxe5 Rxe5 25.
Rxe5 gxf6 26. Qh4 1-0

[Event "Early-Titled-Tuesday-Blitz-September-12-2023"]
[Site "Chess.com"]
[Date "2023.09.12"]
[Round "9"]
[White "Mr_Lion22"]
[Black "ferrufino64"]
[Result "1-0"]
[WhiteElo "2432"]
[BlackElo "2279"]
[TimeControl "180+1"]
[EndTime "9:43:41 PDT"]
[Termination "Mr_Lion22 won by resignation"]

1. d4 d5 2. c4 e6 3. Nc3 Nf6 4. cxd5 Nxd5 5. e4 Nxc3 6. bxc3 Be7 7. Nf3 O-O 8. Bd3 c5 9. O-O Nc6 10. e5 cxd4 11. cxd4 b6 12. Qc2 Nb4 13. Bxh7+ Kh8 14.
Qb1 Ba6 15. Re1 g6 16. Bxg6 fxg6 17. Qxg6 Bd3 18. Qh6+ Bh7 19. Ng5 Bxg5 20. Bxg5 Qe8 21. Bf6+ Rxf6 22. Qxf6+ Kg8 23. Re3 Qf7 24. Rg3+ Kf8 25.
Qh8+ Bg8 26. Rf3 Qxf3 27. gxf3 Nd5 28. Rc1 Rd8 29. Rc6 Ke7 30. Qh4+ Ke8 31. f4 Bf7 32. f5 exf5 33. e6 Bg8 34. Qh5+ Kf8 35. Qxf5+ Ke7 36. Qg5+ Kf8 37. Qxd8+ Kg7 1-0

[Event "Early-Titled-Tuesday-Blitz-September-12-2023"]
[Site "Chess.com"]
[Date "2023.09.12"]
[Round "9"]
[White "chess123456s"]
[Black "marik_spb"]
[Result "1-0"]
[WhiteElo "2626"]
[BlackElo "2452"]
[TimeControl "180+1"]
[EndTime "9:43:45 PDT"]
[Termination "chess123456s won on time"]

1. e4 c6 2. d4 d5 3. e5 Bf5 4. h4 h5 5. Bd3 Bxd3 6. Qxd3 Qa5+ 7. Nd2 e6 8. Nf3 c5 9. O-O cxd4 10. Nb3 Qa6 11. Qd1 Nc6 12. Nbxd4 Nge7 13. Bg5 Rc8 14. c3 Nxd4 15. Nxd4 Nc6 16. Re1 Nxd4 17. cxd4 Be7 18. Bxe7 Kxe7 19. Qd2 Rhd8 20. Qg5+ Kf8 21. Qxh5 Kg8 22.
Re3 Rc2 23. Rg3 Qe2 24. Qg5 Qxf2+ 25. Kh2 Qxg3+ 26. Qxg3 Rxb2 27. h5 Kh7 28. Rf1 Rd7 29. Qc3 Rxa2 30. Qc8 Re7 31. Qd8 1-0

[Event "Early-Titled-Tuesday-Blitz-September-12-2023"]
[Site "Chess.com"]
[Date "2023.09.12"]
[Round "9"]
[White "Raskolnikov6"]
[Black "Shuvalov"]
[Result "0-1"]
[WhiteElo "2270"]
[BlackElo "2424"]
[TimeControl "180+1"]
[EndTime "9:43:46 PDT"]
[Termination "Shuvalov won by checkmate"]

1. d4 Nf6 2. c4 g6 3. Nc3 d5 4.
Nf3 Bg7 5. Bg5 Ne4 6. Bf4 O-O 7. e3 c5 8. cxd5 Bf5 9. Nxe4 Bxe4 10. Nd2 Bxd5 11. e4 Be6 12. d5 Bc8 13. Qc2 e6 14. d6 e5 15. Be3 b6 16. Nc4 Be6 17. O-O-O Nc6 18. h4 h5 19. f3 Nd4 20. Qf2 b5 21.
Na3 a6 22. f4 Bxa2 23. f5 Qxd6 24. g4 hxg4 25. h5 gxf5 26. exf5 Rad8 27. Bd3 c4 28.
Be4 c3 29. h6 Bf6 30. Rdg1 Kh8 31. Rxg4 Rc8 32. Nc2 Nb3# 0-1

[Event "Early-Titled-Tuesday-Blitz-September-12-2023"]
[Site "Chess.com"]
[Date "2023.09.12"]
[Round "9"]
[White "jguerramzllo"]
[Black "MatyChess1"]
[Result "1-0"]
[WhiteElo "2866"]
[BlackElo "2698"]
[TimeControl "180+1"]
[EndTime "9:43:49 PDT"]
[Termination "jguerramzllo won by checkmate"]

1. e4 c6 2. d4 d5 3. Nc3 dxe4 4. Nxe4 Nf6 5. Nxf6+ exf6 6. c3 Bd6 7. Bd3 O-O 8. Qc2 Re8+ 9. Ne2 h5 10. O-O Nd7 11.
Bd2 Nf8 12. Rae1 Qc7 13. h3 Bd7 14. c4 b6 15. b4 Qb8 16. f4 g6 17. f5 g5 18. a3 Re7 19. Nc3 Nh7 20. Ne4 Bh2+ 21. Kh1 Kg7 22. Qd1 h4 23. Qg4 Kh8 24. Qh5 Kg7 25.
Nxf6 Kxf6 26. Qh6# 1-0

[Event "Early-Titled-Tuesday-Blitz-September-12-2023"]
[Site "Chess.com"]
[Date "2023.09.12"]
[Round "9"]
[White "FMStan15"]
[Black "Romkachess"]
[Result "0-1"]
[WhiteElo "2091"]
[BlackElo "2508"]
[TimeControl "180+1"]
[EndTime "9:43:49 PDT"]
[Termination "Romkachess won by resignation"]

1. e4 c5 2. c3 Nf6 3. e5 Nd5 4. d4 cxd4 5. Nf3 e6 6. cxd4 Nc6 7. a3 d6 8. Bd3 Be7 9. O-O O-O 10. Qe2 b6 11. Qe4 g6 12. Bh6 Re8 13. Qg4 Bb7 14.
h4 Rc8 15. h5 Bf8 16. hxg6 hxg6 17. Bxg6 Bxh6 18. Bxf7+ Kxf7 19. Qh5+ Kg7 20. Qg4+ Kh7 21. Qh5 Qe7 22. Nbd2 Nf4 23. Qh2 Rg8 24. g3 Nxd4 25. Rfe1 Bxf3 0-1

[Event "Early-Titled-Tuesday-Blitz-September-12-2023"]
[Site "Chess.com"]
[Date "2023.09.12"]
[Round "9"]
[White "CSB7"]
[Black "Alphafischer2019"]
[Result "1-0"]
[WhiteElo "2718"]
[BlackElo "2548"]
[TimeControl "180+1"]
[EndTime "9:43:53 PDT"]
[Termination "CSB7 won by checkmate"]

1. Nf3 d5 2. g3 Nf6 3. Bg2 Bf5 4. c4 e6 5. O-O c6 6. Qb3 Qb6 7. d3 Nbd7 8. Be3 Qa6 9. Nbd2 h6 10. Bd4 Be7 11.
Rfe1 O-O 12. e4 dxe4 13. dxe4 Bh7 14. e5 Ne8 15. Qe3 Nc7 16. Bf1 b6 17. Ne4 Bxe4 18. Qxe4 Qb7 19. Bd3 g6 20. h4 h5 21. g4 hxg4 22.
Qxg4 Rfd8 23. h5 Nf8 24. hxg6 fxg6 25. Bxg6 Nxg6 26. Qxg6+ Kh8 27. Qh6+ Kg8 28. Re4 Kf7 29. Qh5+ Kg7 30. Rg4+ Kf8 31. Qh8+ Kf7 32. Rg7# 1-0

[Event "Early-Titled-Tuesday-Blitz-September-12-2023"]
[Site "Chess.com"]
[Date "2023.09.12"]
[Round "9"]
[White "Artem_Sadovsky"]
[Black "FredddieCroderg"]
[Result "0-1"]
[WhiteElo "2517"]
[BlackElo "2329"]
[TimeControl "180+1"]
[EndTime "9:43:53 PDT"]
[Termination "FredddieCroderg won on time"]

1. Nf3 d6 2. e3 e5 3. d4 e4 4.
Nfd2 f5 5. c4 Nf6 6. Nc3 Be7 7.
Be2 O-O 8. b4 c6 9. Bb2 d5 10. b5 Be6 11. a4 Bd6 12. g3 Ng4 13. Qb3 Nd7 14. cxd5 cxd5 15. Bxg4 fxg4 16. Ndxe4 Be7 17.
Nxd5 Kh8 18. Nec3 Nf6 19. e4 Nxe4 20. Nxe4 Bxd5 21. Qe3 Bb4+ 22. Kf1 Re8 0-1

[Event "Early-Titled-Tuesday-Blitz-September-12-2023"]
[Site "Chess.com"]
[Date "2023.09.12"]
[Round "9"]
[White "JiiHart"]
[Black "LileKoridze"]
[Result "0-1"]
[WhiteElo "2150"]
[BlackElo "2378"]
[TimeControl "180+1"]
[EndTime "9:43:55 PDT"]
[Termination "LileKoridze won on time"]

1. e4 c5 2. c3 Nf6 3. e5 Nd5 4. d4 cxd4 5. Nf3 Nc6 6. cxd4 d6 7. Nc3 Nxc3 8. bxc3 Bg4 9. exd6 Qxd6 10. Be2 e6 11. O-O Be7 12. Rb1 b6 13. Qa4 O-O 14. Rd1 Rfd8 15.
d5 Ne5 16. dxe6 Nxf3+ 17. gxf3 Qxe6 18. Qxg4 Qxe2 19. Rxd8+ Rxd8 20. Be3 Qxa2 21. Rb5 Qe2 22. Bd4 Bf8 23. Re5 Qd1+ 24. Kg2 Rd6 25. Rh5 h6 0-1

[Event "Early-Titled-Tuesday-Blitz-September-12-2023"]
[Site "Chess.com"]
[Date "2023.09.12"]
[Round "9"]
[White "masnyszachistaaa"]
[Black "Witik"]
[Result "1-0"]
[WhiteElo "2573"]
[BlackElo "2721"]
[TimeControl "180+1"]
[EndTime "9:43:59 PDT"]
[Termination "masnyszachistaaa won by resignation"]

1. c4 e5 2. Nc3 Bb4 3. Nd5 a5 4. g3 c6 5. Nxb4 axb4 6. Bg2 f5 7. d4 e4 8. d5 Nf6 9. dxc6 bxc6 10. Nh3 d5 11.
cxd5 cxd5 12. Be3 Nc6 13. Bd4 Ba6 14. Nf4 Nxd4 15. Qxd4 Kf7 16. h4 Re8 17. O-O Kg8 18.
Rfd1 b3 19. axb3 Bb7 20. e3 Qd6 21. Bh3 Rxa1 22. Rxa1 Bc8 23. Bf1 Be6 24. Ra6 Qd7 25.
Qb6 Bf7 26. Bb5 Qc8 27. Bxe8 Bxe8 28. Qe6+ Qxe6 29. Rxe6 1-0

[Event "Early-Titled-Tuesday-Blitz-September-12-2023"]
[Site "Chess.com"]
[Date "2023.09.12"]
[Round "9"]
[White "AleksandrAleksikov"]
[Black "wild3000"]
[Result "0-1"]
[WhiteElo "2280"]
[BlackElo "2433"]
[TimeControl "180+1"]
[EndTime "9:44:00 PDT"]
[Termination "wild3000 won by resignation"]

1. e4 a6 2. d4 e6 3. c4 Nf6 4. Nc3 Bb4 5. Bd3 c5 6. d5 d6 7. Ne2 O-O 8. Bg5 h6 9. Bh4 exd5 10. exd5 Bg4 11. f3 Bh5 12. Qc2 Nbd7 13. Ng3 g5 14.
Nxh5 Nxh5 15. Bg3 Re8+ 16. Kf1 Ne5 17. Re1 Qf6 18. Ne4 Qg7 19. Re3 Rad8 20. Nf2 Nxc4 21. Rxe8+ Rxe8 22. Ng4 Nxg3+ 23. hxg3 Re1+ 24. Kf2 Qd4+ 0-1

[Event "Early-Titled-Tuesday-Blitz-September-12-2023"]
[Site "Chess.com"]
[Date "2023.09.12"]
[Round "9"]
[White "MokshAD1603"]
[Black "Kirill_Klukin"]
[Result "1/2-1/2"]
[WhiteElo "2596"]
[BlackElo "2753"]
[TimeControl "180+1"]
[EndTime "9:44:06 PDT"]
[Termination "Game drawn by repetition"]

1. e4 c5 2. Nf3 Nc6 3. Bb5 g6 4. O-O Bg7 5. c3 Nf6 6. Re1 O-O 7. d4 cxd4 8. cxd4 d5 9. e5 Ne4 10. Be3 Qb6 11. Bxc6 Qxc6 12. Nbd2 Bg4 13. Qb3 Nxd2 14. Bxd2 Rfc8 15. h3 Bf5 16. Rac1 Qd7 17. Qa3 Bf8 18. Rxc8 Qxc8 19. Rc1 Qd7 20. Qc5 Rc8 21. Qxa7 Rxc1+ 22. Bxc1 Qb5 23. Qb8 Bd7 24. e6 fxe6 25. Bh6 Be8 26.
Bxf8 Kxf8 27. Ng5 Qc6 28. Nxh7+ Kg7 29. Ng5 Qc1+ 30. Kh2 Qxg5 31. Qxe8 Qf4+ 32. Kg1 Qc1+ 33. Kh2 Qf4+ 34. Kg1 Qc1+ 35. Kh2 Qf4+ 1/2-1/2

[Event "Early-Titled-Tuesday-Blitz-September-12-2023"]
[Site "Chess.com"]
[Date "2023.09.12"]
[Round "9"]
[White "pirulillo"]
[Black "Biregina"]
[Result "1-0"]
[WhiteElo "2317"]
[BlackElo "2422"]
[TimeControl "180+1"]
[EndTime "9:44:06 PDT"]
[Termination "pirulillo won on time"]

1. e4 d6 2. d4 Nf6 3. Nc3 e5 4. Nf3 Nbd7 5. Bc4 exd4 6. Qxd4 Be7 7. Bxf7+ Kxf7 8. Ng5+ Kg8 9. Qc4+ d5 10. Nxd5 Ne5 11.
Nxf6+ Kf8 12. Nfxh7+ Ke8 13. Qb5+ Nc6 14. Be3 Qd6 15.
c3 Bd7 16. Rd1 Ne5 17. Qxb7 Bc6 18. Rxd6 Bxb7 19. Re6 Nc6 20. Bc5 1-0

[Event "Early-Titled-Tuesday-Blitz-September-12-2023"]
[Site "Chess.com"]
[Date "2023.09.12"]
[Round "9"]
[White "Rutricks"]
[Black "schack_vit"]
[Result "1-0"]
[WhiteElo "2685"]
[BlackElo "2459"]
[TimeControl "180+1"]
[EndTime "9:44:08 PDT"]
[Termination "Rutricks won by resignation"]

1. e4 c5 2. Nf3 d6 3. d4 cxd4 4.
Nxd4 Nf6 5. Nc3 g6 6. Rg1 Bg7 7. g4 Nxg4 8. Bb5+ Kf8 9. f3 e5 10. Nb3 Qh4+ 11. Rg3 Nxh2 12. Qxd6+ Kg8 13. Kf2 Be6 14. Nd5 Bxd5 15. Qxd5 Nc6 16. Bc4 Qe7 17.
Bg5 Bf6 18. Bxf6 Qxf6 19. Rh1 Rd8 20. Qc5 Nd4 21. Nxd4 Rxd4 22. Rxh2 Qf4 23. Bd3 h5 24. Rhg2 Kg7 25. Qe7 Rh6 26. Qxb7 h4 27. Rh3 Qd2+ 28. Be2 Qxc2 29. Qxa7 Rd2 30. Qe3 Qxb2 31. Rg4 Qxa2 32. Rhxh4 Rxh4 33. Rxh4 Kf8 34. Qc5+ 1-0

[Event "Early-Titled-Tuesday-Blitz-September-12-2023"]
[Site "Chess.com"]
[Date "2023.09.12"]
[Round "9"]
[White "gaby_przz"]
[Black "DKmirl"]
[Result "1-0"]
[WhiteElo "2436"]
[BlackElo "2278"]
[TimeControl "180+1"]
[EndTime "9:44:09 PDT"]
[Termination "gaby_przz won by resignation"]

1. e4 c5 2. Nc3 Nc6 3. Bb5 g6 4. Nf3 Bg7 5. O-O Nd4 6. Re1 Nxb5 7. Nxb5 Nf6 8. d4 cxd4 9. Qxd4 O-O 10. e5 Ne8 11.
Nxa7 Qa5 12. Nxc8 Rxc8 13. Qxd7 Rxc2 14. Qxe7 Nc7 15. Bd2 Qb6 16. Qd6 Qxb2 17. Reb1 Rxd2 18. Qxd2 Qa3 19. Rxb7 Ne6 20. Qb4 Qd3 21. Qb5 Qc3 22. Qb2 Qc6 23. a4 Nc5 24. Rb6 Qe4 25. Qb4 Qc2 26. Rc6 Nd3 27. Qxf8+ Bxf8 28. Rxc2 1-0

[Event "Early-Titled-Tuesday-Blitz-September-12-2023"]
[Site "Chess.com"]
[Date "2023.09.12"]
[Round "9"]
[White "Fandorine"]
[Black "Vesper2018"]
[Result "1-0"]
[WhiteElo "2905"]
[BlackElo "2615"]
[TimeControl "180+1"]
[EndTime "9:44:10 PDT"]
[Termination "Fandorine won by resignation"]

1. e4 c5 2. b3 Nc6 3. Bb2 e6 4. Nf3 Nf6 5. e5 Nd5 6. g3 Be7 7. Bg2 O-O 8. O-O d6 9. exd6 Bxd6 10.
d4 Bd7 11. c4 Nf6 12. Nc3 cxd4 13. Nxd4 Be5 14. Nxc6 Bxc6 15. Bxc6 bxc6 16. Qe2 Bc7 17. Rad1 Qe7 18. Ne4 e5 19. Nxf6+ Qxf6 20. Rd7 Rac8 21. Rfd1 Rfe8 22. Qe4 Qe6 23. g4 Qh6 24. Kg2 Qe6 25. R1d3 g6 26. g5 Re7 27. Rxe7 Qxe7 28. h4 Qc5 29.
Rd7 Bb6 30. Qf3 Rf8 31. Qf6 1-0

[Event "Early-Titled-Tuesday-Blitz-September-12-2023"]
[Site "Chess.com"]
[Date "2023.09.12"]
[Round "9"]
[White "kushbhagat2009"]
[Black "DeArron_Fox"]
[Result "1-0"]
[WhiteElo "2620"]
[BlackElo "2495"]
[TimeControl "180+1"]
[EndTime "9:44:12 PDT"]
[Termination "kushbhagat2009 won by checkmate"]

1. d4 d5 2. Bf4 Nf6 3. e3 c5 4.
Nf3 Nc6 5. Nbd2 cxd4 6. exd4 Bg4 7. h3 Bh5 8. c3 e6 9. Qb3 Qc8 10. Bd3 Be7 11. O-O O-O 12. Ne5 Nxe5 13. Bxe5 Nd7 14. Bg3 Bg6 15. Bxg6 hxg6 16. Nf3 a6 17. Ne5 Nxe5 18.
Bxe5 b5 19. a4 Qc4 20. Qc2 b4 21. Rfc1 Rfc8 22. Qd2 Qb3 23. a5 Rc4 24. g4 Rac8 25. Rab1 Qa2 26. Qd3 bxc3 27. bxc3 Rxc3 28. Rxc3 Rxc3 29.
Rb8+ Kh7 30. Qxc3 f6 31. Qc8 g5 32. Qh8+ Kg6 33. Qh5# 1-0

[Event "Early-Titled-Tuesday-Blitz-September-12-2023"]
[Site "Chess.com"]
[Date "2023.09.12"]
[Round "9"]
[White "Payyappat"]
[Black "LuisFSiles"]
[Result "0-1"]
[WhiteElo "2480"]
[BlackElo "2388"]
[TimeControl "180+1"]
[EndTime "9:44:13 PDT"]
[Termination "LuisFSiles won by resignation"]

1. e4 c5 2. Nf3 Nc6 3. d4 cxd4 4. Nxd4 Nf6 5. Nc3 e5 6. Ndb5 d6 7. Bg5 a6 8. Na3 b5 9. Nd5 Be7 10. Bxf6 Bxf6 11. c4 b4 12. Nc2 a5 13. g3 Bg5 14.
Bg2 O-O 15. O-O Be6 16. f4 exf4 17. gxf4 Bh6 18. Nce3 Ra7 19. Kh1 Qh4 20. f5 Bxd5 21.
Nxd5 Ne5 22. Qe2 f6 23. Rad1 g5 24. Ne3 g4 25. Rg1 Rg7 26. Nf1 Bf4 27. Qe1 g3 28. h3 Ng4 29. Rd2 0-1

[Event "Early-Titled-Tuesday-Blitz-September-12-2023"]
[Site "Chess.com"]
[Date "2023.09.12"]
[Round "9"]
[White "C_K_G"]
[Black "FuenfgegenWilly"]
[Result "0-1"]
[WhiteElo "1997"]
[BlackElo "2361"]
[TimeControl "180+1"]
[EndTime "9:44:17 PDT"]
[Termination "FuenfgegenWilly won by resignation"]

1. e4 Na6 2. Bxa6 bxa6 3. Nf3 Bb7 4. Nc3 e6 5. d4 Nf6 6. Bg5 h6 7.
Bxf6 Qxf6 8. O-O Bb4 9. Re1 d6 10. e5 Qg6 11. exd6 Bxd6 12. d5 O-O 13. Qd2 Rad8 14.
Kh1 exd5 15. Nxd5 Bxd5 16. Qxd5 Bb4 17. Qc4 Bxe1 18. Rxe1 Rd7 19. h3 Qb6 20. Ne5 Qxf2 21. Rf1 Qd4 22. Qc6 Re7 23. Ng4 Qb6 24. Qf3 f5 25.
Nh2 Qxb2 26. Qf2 Qxa2 27. Nf3 Qc4 28. Nh4 Re2 29. Qg3 Re4 30. Nxf5 Qxf1+ 0-1

[Event "Early-Titled-Tuesday-Blitz-September-12-2023"]
[Site "Chess.com"]
[Date "2023.09.12"]
[Round "9"]
[White "Actuary44"]
[Black "Iunusovnuriddin"]
[Result "1-0"]
[WhiteElo "2510"]
[BlackElo "2340"]
[TimeControl "180+1"]
[EndTime "9:44:18 PDT"]
[Termination "Actuary44 won on time"]

1. e4 c6 2. d4 d5 3. Nc3 dxe4 4. Nxe4 Nf6 5. Ng3 e6 6. Nf3 Be7 7. Bd3 O-O 8. Qe2 b6 9. Bg5 Bb7 10. O-O-O Nbd7 11. h4 c5 12. dxc5 bxc5 13. Ne4 Qa5 14. Nc3 h6 15. Bd2 Qb6 16. g4 Rab8 17. b3 Nxg4 18. Rhg1 Bxf3 19. Qxf3 Nge5 20. Rxg7+ Kxg7 21. Rg1+ Kh8 22. Qh5 Nxd3+ 23. cxd3 e5 24. Bxh6 Qg6 25. Rxg6 fxg6 26. Qxg6 Rg8 27. Qe6 Rg1+ 28. Kc2 Bf8 29. Bxf8 Rxf8 30. Ne4 Rg7 31. h5 Rgf7 32. Kc3 Rh7 33.
h6 Rg8 34. Nf6 1-0

[Event "Early-Titled-Tuesday-Blitz-September-12-2023"]
[Site "Chess.com"]
[Date "2023.09.12"]
[Round "9"]
[White "TregubovP"]
[Black "kacprekt"]
[Result "1-0"]
[WhiteElo "2653"]
[BlackElo "2466"]
[TimeControl "180+1"]
[EndTime "9:44:22 PDT"]
[Termination "TregubovP won by resignation"]

1. e4 e6 2. d4 d5 3. e5 c5 4. c3 Qb6 5. Nf3 Bd7 6. Be2 Bb5 7.
Bxb5+ Qxb5 8. Na3 Qa6 9. dxc5 Bxc5 10. b4 Bf8 11. Nd4 b6 12. Nab5 Qb7 13. O-O Nd7 14. Re1 a6 15. Nd6+ Bxd6 16. exd6 Ngf6 17. Nxe6 fxe6 18.
Rxe6+ Kf8 19. Re7 Qc6 20. Bf4 Re8 21. Qe2 Ne4 22. Rxe8+ Kxe8 23. f3 Qxc3 24. Rd1 Rf8 25. Bg3 Nf6 26. fxe4 Nxe4 27. Rxd5 Kd8 28. Qxe4 Re8 29.
Bh4+ Kd7 30. Qxe8+ Kxe8 31. d7+ Kf7 32. d8=Q Qe3+ 33.
Bf2 1-0

[Event "Early-Titled-Tuesday-Blitz-September-12-2023"]
[Site "Chess.com"]
[Date "2023.09.12"]
[Round "9"]
[White "Jaka_Brilej"]
[Black "vedantgoswami"]
[Result "0-1"]
[WhiteElo "2433"]
[BlackElo "2336"]
[TimeControl "180+1"]
[EndTime "9:44:23 PDT"]
[Termination "vedantgoswami won by resignation"]

1. d4 Nf6 2. Bg5 e6 3. e4 Be7 4. e5 Nd5 5. Bxe7 Nxe7 6. Nf3 d6 7. Bd3 dxe5 8. Nxe5 Nbc6 9. O-O Qxd4 10. Nf3 Qxb2 11. Nbd2 Qf6 12. Ne4 Qh6 13. Rb1 O-O 14. Qe2 Nd5 15.
g3 e5 16. Nc5 Nc3 17. Qe1 Nxb1 18. Qxb1 b6 19. Ne4 Bg4 20. Nfg5 Kh8 21. Bc4 Qg6 22. Qb5 Nd4 23. Qxe5 Nf3+ 24. Nxf3 Bxf3 25. Ng5 f6 26. Nf7+ Rxf7 27. Bxf7 Qxf7 28. Qf4 Bb7 29. Re1 Qd5 30. f3 0-1

[Event "Early-Titled-Tuesday-Blitz-September-12-2023"]
[Site "Chess.com"]
[Date "2023.09.12"]
[Round "9"]
[White "nitpicker"]
[Black "Ishowmoves57"]
[Result "0-1"]
[WhiteElo "2259"]
[BlackElo "2127"]
[TimeControl "180+1"]
[EndTime "9:44:23 PDT"]
[Termination "Ishowmoves57 won on time"]

1. d4 Nf6 2. c4 e6 3. g3 d5 4. Nf3 Bb4+ 5. Bd2 Be7 6. Bg2 O-O 7. Qc2 Nbd7 8. O-O c6 9. Rd1 Ne4 10. Be1 f5 11. Ne5 Bf6 12. Nc3 Nxc3 13. Qxc3 Qc7 14. cxd5 Nxe5 15. dxe5 Bxe5 16. Qc2 cxd5 17. Rac1 Qxc2 18.
Rxc2 Bd7 19. Bb4 Rfc8 20. Rdd2 Kf7 21. b3 b6 22. e3 a5 23. Ba3 Bc3 24. Rd1 Bb4 25.
Bxb4 Rxc2 26. Bd6 Rac8 27. a3 Rc1 28. Rf1 Bb5 0-1

[Event "Early-Titled-Tuesday-Blitz-September-12-2023"]
[Site "Chess.com"]
[Date "2023.09.12"]
[Round "9"]
[White "GamayevOleg"]
[Black "Boundless_Strike"]
[Result "1-0"]
[WhiteElo "2477"]
[BlackElo "2600"]
[TimeControl "180+1"]
[EndTime "9:44:28 PDT"]
[Termination "GamayevOleg won on time"]

1. d3 e5 2. e4 Nf6 3. Nf3 d5 4. Nbd2 Nc6 5. Be2 Rg8 6. O-O g5 7. exd5 Nxd5 8. Nc4 f6 9. g3 Bh3 10. Re1 Qd7 11. Nfd2 O-O-O 12. Ne4 h6 13. Ne3 Nf4 14.
Nxf6 Nxe2+ 15. Qxe2 Nd4 16. Qd1 Qc6 17. Ne4 Bb4 18. c3 Rgf8 19. cxd4 Bxe1 20. Qxe1 exd4 21.
Nc4 Rde8 22. Ncd2 Qb5 23. Qe2 Bf5 24. f3 g4 25. f4 h5 26. b3 h4 27. Ba3 Rh8 28. Rc1 Kb8 29. Rc5 Qd7 30. Re5 hxg3 31. Nxg3 Rxe5 32. Qxe5 Re8 33. Qxf5 Qc6 34. Qc5 Qa6 35.
Nc4 Qe6 36. Ne4 g3 37. hxg3 Qg4 38. Qg5 Qd1+ 39. Kg2 Qxd3 40. Nf2 Qe2 41. Ne5 a6 42. Qg6 Rd8 43. Be7 Rc8 44. Qe6 b6 45. Qc6 d3 46.
Nd7+ Ka7 47. Nxb6 1-0

[Event "Early-Titled-Tuesday-Blitz-September-12-2023"]
[Site "Chess.com"]
[Date "2023.09.12"]
[Round "9"]
[White "RandomNoob04"]
[Black "Zkid"]
[Result "0-1"]
[WhiteElo "2638"]
[BlackElo "2880"]
[TimeControl "180+1"]
[EndTime "9:44:30 PDT"]
[Termination "Zkid won by resignation"]

1. e4 e6 2. d4 d5 3. exd5 exd5 4. Nf3 Nc6 5. Nc3 Bg4 6. Bb5 a6 7. Bxc6+ bxc6 8. O-O Bd6 9. h3 Bh5 10. Re1+ Ne7 11. g4 Bg6 12. Ne5 O-O 13. Bf4 f6 14. Nxg6 Nxg6 15. Bxd6 Qxd6 16. Qf3 Nh4 17. Qe3 Rae8 18.
Qxe8 Nf3+ 19. Kg2 Qh2+ 20. Kxf3 Qxh3+ 21. Kf4 g5+ 22. Kf5 Qf3+ 23. Ke6 Rxe8+ 24. Kd7 Rf8 25. Kxc6 Qxg4 26. Nxd5 Qxd4 27. b3 Rd8 28. Rad1 Rd6+ 29.
Kb7 Qc5 30. Ne7+ Kf7 31. Rxd6 cxd6 32. Nc6 Qxf2 33. Re7+ Kg6 34. Rc7 g4 35. Ne7+ Kg5 36. Nd5 h5 37. Rg7+ Kh6 38. Rf7 g3 39. Nxf6 Kg6 40. Rf8 Qxf6 41. Rg8+ Qg7+ 0-1

[Event "Early-Titled-Tuesday-Blitz-September-12-2023"]
[Site "Chess.com"]
[Date "2023.09.12"]
[Round "9"]
[White "maracayo"]
[Black "arminmusovic"]
[Result "0-1"]
[WhiteElo "2426"]
[BlackElo "2558"]
[TimeControl "180+1"]
[EndTime "9:44:33 PDT"]
[Termination "arminmusovic won by resignation"]

1. e4 c6 2. Nf3 g6 3. d3 Bg7 4.
Nbd2 d6 5. Be2 Nf6 6. O-O O-O 7. h3 Nfd7 8. Re1 Re8 9. c3 e5 10. Bf1 Nf8 11. b4 f6 12. a3 Be6 13. Bb2 Nbd7 14.
d4 Rc8 15. c4 f5 16. exf5 Bxf5 17. dxe5 Nxe5 18. Bxe5 dxe5 19. Ne4 Qxd1 20. Raxd1 Rcd8 21. Nd6 Bc2 22. Nxe8 Bxd1 23. Nxg7 Bxf3 24. gxf3 Kxg7 25. Rxe5 Kf6 26. Re3 Rd1 27. Kg2 Ne6 28. Be2 Re1 29. Re4 g5 30. Bf1 Nf4+ 31. Kg1 Nxh3+ 32. Kg2 Nf4+ 33.
Kg1 Rxe4 34. fxe4 Ke5 35. f3 Kd4 36. Kf2 h5 37. Kg3 Ke3 38. e5 Kd4 39. Bh3 Kxe5 40. Bc8 b6 41. c5 bxc5 42. bxc5 Kd5 43. Bd7 Kxc5 44. Be8 Kd5 0-1